 Dungeon Crawl Stone Soup version 0.17.1-1-g73c8601 (webtiles) character file.

1243 zercules the Summoner (level 8, -10/52 HPs)
             Began as a Mummy Summoner on Jan 16, 2016.
             Was an Initiate of Gozag.
             Killed from afar by an oklob sapling (15 damage)
             ... with a splash of acid
             ... on level 4 of the Dungeon.
             The game lasted 00:35:40 (5438 turns).

zercules the Summoner (Mummy Summoner)              Turns: 5438, Time: 00:35:40

Health: -10/52     AC: -2    Str: 12    XL:     8   Next: 25%
Magic:  11/11      EV: 12    Int: 16    God:    Gozag
Gold:   143        SH:  0    Dex: 12    Spells: 3 memorised, 5 levels left

rFire  x . .     SeeInvis .     c - +0 spear (venom)
rCold  + . .     Clarity  .     a - +0 robe
rNeg   + + +     SustAt   .     (no shield)
rPois  ∞         Gourm    .     (no helmet)
rElec  .         Spirit   .     (no cloak)
rCorr  .         Warding  .     (no gloves)
rMut   .         Stasis   .     (no boots)
MR     +....                    (no amulet)
Stlth  ++........               (no ring)
                                (no ring)

@: corroded equipment, somewhat resistant to hostile enchantments, unstealthy
A: no food or potions, fire vulnerability, cold resistance 1, negative energy
resistance 3, torment resistance, unbreathing
a: Potion Petition, Call Merchant, Bribe Branch, Renounce Religion


You were on level 4 of the Dungeon.
You worshipped Gozag.
Gozag was noncommittal.
You were not hungry.

You visited 2 branches of the dungeon, and saw 5 of its levels.
You also visited: Sewer.

You collected 200 gold pieces.
You paid 57 gold pieces to Gozag.

Inventory:

Hand Weapons
 c - a +0 spear of venom (weapon)
 n - a +0 whip of freezing
Armour
 a - a +0 robe (worn)
Jewellery
 h - an uncursed ring of wizardry {unknown}
 j - a +4 ring of evasion {unknown}
Wands
 k - a wand of disintegration (7)
Scrolls
 d - a scroll of noise {unknown}
 e - a scroll of remove curse {unknown}
 f - a scroll of recharging {unknown}
 g - 2 scrolls of teleportation
 i - 3 scrolls of fog {unknown}
 l - 2 scrolls of identify {unknown}
 m - a scroll of amnesia
Books
 b - a book of Callings

   Spells                             Type                      Level
   a - Summon Small Mammal            Summoning                    1
   b - Call Imp                       Summoning                    2
   c - Call Canine Familiar           Summoning                    3
   d - Summon Guardian Golem          Hexes/Summoning              3
   e - Summon Lightning Spire         Summoning/Air                4
   f - Summon Ice Beast               Ice/Summoning                4


   Skills:
 - Level 1.5 Dodging
 - Level 1.5 Stealth
 + Level 2.1 Spellcasting
 - Level 9.0 Summonings


You had 5 spell levels left.
You knew the following spells:

 Your Spells              Type           Power        Failure   Level  Hunger
a - Summon Small Mammal   Summ           ####         1%          1    N/A
b - Call Imp              Summ           ####....     1%          2    N/A
c - Call Canine Familiar  Summ           ####....     1%          3    N/A

Dungeon Overview and Level Annotations

Branches:
Dungeon (4/15)             Temple (1/1) D:4

Altars:
Ashenzari
Cheibriados
Dithmenos
Fedhas
Gozag
Qazlal
Ru
Sif Muna
Trog
Vehumet
Xom
Yredelemnul
Zin

Shops:
D:4 (

Annotations:
D:4 exclusion: oklob sapling


Innate Abilities, Weirdness & Mutations

You do not eat or drink.
Your flesh is vulnerable to fire.
You are immune to poison.
Your flesh is cold resistant.
You are immune to negative energy.
You are immune to unholy pain and torment.
You can survive without breathing.


Message History

Unknown command.
You can't eat.
Unknown command.
There's nothing to close nearby.
Unknown command.
Unknown command.
Unknown command.
The oklob sapling spits acid at you. The splash of acid hits you!
The acid corrodes you!
The acid burns!
* * * LOW HITPOINT WARNING * * *
The oklob sapling spits acid at you. The splash of acid hits you!
You die...
Your body crumbles into a pile of gold.

#.# #........#....#
#.########.............#
#....................#.# ♣♣
#.%#.#####..#.....#....# ♣♣.♣♣
#..#.# ....PP.P.......# ♣...♣♣
#..#.# ##.PPPP..#.#.#.# ♣....♣
#..#.##.##P.PPPPPp...'.# #....#
#.........PPP>.P.....#.###....#
###..####.##.P..@P.##..#.........
....)........PPPP..##..#.........
............P.P..P.........#..##.
####..###.##...........#####..##.
.......................(.........
####....#.##.####..#.#.(###.p.##.
#..#.#.##.####......<......##.
####.............#.#.#..###..p...
........................###......


You could see an oklob sapling and a neutral freed slave (wandering).

Vanquished Creatures
  Menkaure (D:4)
  5 big kobolds (Sewer)
  An orc priest (D:3)
  Natasha (thrice) (D:4)
  2 worker ants (D:4)
  A gnoll (D:3)
  4 adders
  An ooze (Sewer)
  A worm (D:3)
  2 orcs (D:3)
  2 ball pythons
  5 giant cockroaches
  2 hobgoblins (D:3)
  3 jackals (D:1)
  A quokka (D:4)
  4 bats
  9 kobolds
  5 rats
  A plant (D:4)
53 creatures vanquished.

Vanquished Creatures (collateral kills)
  Pikel (D:4)
  An ogre (D:4)
  6 big kobolds
  An orc wizard (D:3)
  2 worker ants (D:4)
  6 adders
  8 gnolls
  3 oozes
  An adder skeleton (D:4)
  4 worms
  2 giant geckos
  8 orcs (D:3)
  3 ball pythons
  5 giant cockroaches
  3 goblins
  4 hobgoblins
  A jackal (D:1)
  40 kobolds
  A quokka (D:3)
  2 bats
  A giant newt (D:3)
  7 rats
110 creatures vanquished.

Vanquished Creatures (others)
  An adder (D:4)
1 creature vanquished.

Grand Total: 164 creatures vanquished

Notes
Turn   | Place    | Note
--------------------------------------------------------------
     0 | D:1      | zercules the Mummy Summoner began the quest for the Orb.
     0 | D:1      | Reached XP level 1. HP: 13/13 MP: 3/3
   324 | D:1      | Reached XP level 2. HP: 17/19 MP: 5/5
   328 | D:1      | Learned a level 2 spell: Call Imp
   972 | D:2      | Reached skill level 4 in Summonings
  1009 | D:2      | Reached XP level 3. HP: 18/24 MP: 3/6
  1280 | D:3      | Found a glowing drain.
  1289 | Sewer    | Entered a sewer
  1578 | Sewer    | Reached XP level 4. HP: 16/30 MP: 3/7
  1721 | Sewer    | Noticed a big kobold
  1751 | Sewer    | Killed a big kobold
  1755 | Sewer    | Reached skill level 5 in Summonings
  1859 | Sewer    | Noticed a big kobold
  1891 | Sewer    | Killed a big kobold
  1891 | Sewer    | Reached XP level 5. HP: 35/35 MP: 2/8
  2047 | Sewer    | Learned a level 3 spell: Call Canine Familiar
  2076 | Sewer    | Noticed a big kobold
  2085 | Sewer    | Killed a big kobold
  2140 | Sewer    | Noticed a big kobold
  2140 | Sewer    | Noticed a big kobold
  2165 | Sewer    | Killed a big kobold
  2190 | Sewer    | Killed a big kobold
  2190 | Sewer    | Reached skill level 6 in Summonings
  2190 | Sewer    | Reached XP level 6. HP: 32/41 MP: 3/9
  2337 | Sewer    | Noticed a big kobold
  2350 | Sewer    | Killed a big kobold
  2365 | Sewer    | Noticed a big kobold
  2389 | Sewer    | Killed a big kobold
  2477 | Sewer    | Noticed a big kobold
  2489 | Sewer    | Killed a big kobold
  2945 | D:3      | Reached skill level 7 in Summonings
  3355 | D:3      | Reached XP level 7. HP: 34/46 MP: 7/10
  3567 | D:3      | Found a snail-covered altar of Cheibriados.
  3689 | D:4      | Noticed Natasha
  3708 | D:4      | Noticed Pikel
  3709 | D:4      | Killed Natasha
  3724 | D:4      | Noticed Menkaure
  3960 | D:4      | Noticed Natasha
  3968 | D:4      | Killed Natasha
  3984 | D:4      | Noticed Natasha
  3990 | D:4      | Killed Natasha
  4154 | D:4      | Killed Menkaure
  4238 | D:4      | Found Gammoebb's Antique Weapon Emporium.
  4611 | D:4      | Reached skill level 8 in Summonings
  4956 | D:4      | Killed Pikel
  4956 | D:4      | Reached skill level 9 in Summonings
  4956 | D:4      | Reached XP level 8. HP: 16/52 MP: 2/11
  5304 | D:4      | Found a staircase to the Ecumenical Temple.
  5341 | Temple   | Entered the Ecumenical Temple
  5388 | Temple   | Became a worshipper of Gozag Ym Sagoz the Greedy
  5438 | D:4      | Killed from afar by an oklob sapling

Action                   |  1- 3 |  4- 6 |  7- 9 || total
-------------------------+-------+-------+-------++-------
Melee: Spear             |    54 |    55 |    93 ||   202
       Unarmed           |     5 |       |       ||     5
 Cast: Summon Small Mamm |    14 |       |       ||    14
       Call Imp          |    24 |    48 |    54 ||   126
       Call Canine Famil |       |     3 |     4 ||     7
  Use: Scroll            |     3 |       |       ||     3
 Stab: Sleeping          |     1 |     1 |     1 ||     3
